 Dungeon Crawl Stone Soup version 0.18.1-48-g4cf74bf (webtiles) character file.

71 atgrul the Charmwright (level 4, -2/35 HPs)
             Began as a Merfolk Skald on July 17, 2016.
             Slain by a kobold
             ... wielding a +0 club
              (6 damage)
             ... on level 2 of the Dungeon.
             The game lasted 00:03:31 (2514 turns).

atgrul the Charmwright (Merfolk Skald)              Turns: 2514, Time: 00:03:32

Health: -2/35      AC:  3    Str: 13    XL:     4   Next: 24%
Magic:  7/7        EV: 11    Int: 11    God:
Gold:   110        SH:  0    Dex: 13    Spells: 1 memorised, 6 levels left

rFire  . . .     SeeInvis .     a - +0 spear
rCold  . . .     Gourm    .     b - +0 leather armour
rNeg   . . .     Faith    .     (no shield)
rPois  .         Spirit   .     (no helmet)
rElec  .         Dismiss  .     (no cloak)
rCorr  .         Reflect  .     (no gloves)
SustAt .         Harm     .     (no boots)
MR     .....                    (no amulet)
Stlth  +.........               (no ring)
                                (no ring)

@: not resistant to hostile enchantments, very unstealthy
A: change form in water, swift swim
a: no special abilities


You were on level 2 of the Dungeon.
You were hungry.

You visited 1 branch of the dungeon, and saw 2 of its levels.

You collected 110 gold pieces.

Inventory:

Hand Weapons
 a - a +0 spear (weapon)
Armour
 b - a +0 leather armour (worn)
Wands
 d - a wand of random effects (35/48)
Scrolls
 e - 4 scrolls of remove curse {unknown}
 h - 2 scrolls of immolation {unknown}
 i - a scroll of magic mapping {unknown}
 k - a scroll of identify {unknown}
 m - 2 scrolls of amnesia {unknown}
 n - a scroll of enchant weapon {unknown}
Potions
 f - a potion of cancellation {unknown}
 g - a potion of magic {unknown}
 l - 2 potions of lignification {unknown}
Books
 c - a book of Battle

   Spells                             Type                      Level
   a - Infusion                       Charms                       1
   b - Shroud of Golubria             Charms/Translocation         2
   c - Song of Slaying                Charms                       2
   d - Spectral Weapon                Hexes/Charms                 3
   e - Regeneration                   Charms/Necromancy            3
Comestibles
 j - 2 meat rations


   Skills:
 * Level 3.1 Fighting
 - Level 3.0 Polearms
 - Level 0.6 Armour
 - Level 1.3 Dodging
 + Level 0.8 Stealth
 - Level 2.0 Spellcasting
 + Level 4.8 Charms


You had 6 spell levels left.
You knew the following spells:

 Your Spells              Type           Power        Failure   Level  Hunger
a - Infusion              Chrm           ##..         8%          1    ##.....


Dungeon Overview and Level Annotations

Branches:
Dungeon (2/15)

Altars:
Cheibriados
Elyvilon

Annotations:
D:2 Jessica


Message History

The kobold hits you with a club.
You hit the kobold but do no damage. The kobold hits you with a club.
The goblin closely misses you.
Jessica the Apprentice Sorceress comes into view.
You closely miss the kobold. The kobold hits you with a club!
The goblin hits you with a club. The kobold hits you with a club.
* * * LOW HITPOINT WARNING * * *
You are too injured to fight recklessly!
You are too injured to fight recklessly!
The kobold hits you with a club.
* * * LOW HITPOINT WARNING * * *
The kobold hits you with a club.
* * * LOW HITPOINT WARNING * * *
The kobold barely misses you. The kobold barely misses you.
The kobold rages.
The kobold hits you with a club.
* * * LOW HITPOINT WARNING * * *
The kobold hits you with a club.
You die...

##########.##.# #........#.#
####..........# #........#.#
.....#####.#### #........#.#
...#######.######........#.#
....(....#......####.....#.#
###.####.#.####.# #.....#.######
#.# #.#'####.# ##'####.......
#.## #........#####'###########
#..# #........@K.........#
####'###....(..............#
...................g.......#
...............#...........#.....
...............#...........#.....
.......#.......#...........#.....
.......#.......#.......@...#.%...
...............#...........#.....
..........)....#...........#.....


You could see Jessica, a goblin and a kobold (berserk).

Vanquished Creatures
  3 adders (D:2)
  2 worms (D:2)
  A dart slug (D:1)
  2 giant geckos
  2 ball pythons (D:2)
  2 giant cockroaches
  7 goblins
  3 hobgoblins
  2 kobolds
  A quokka (D:2)
  5 bats
  3 giant newts
  3 rats
36 creatures vanquished.

Notes
Turn   | Place    | Note
--------------------------------------------------------------
     0 | D:1      | atgrul the Merfolk Skald began the quest for the Orb.
     0 | D:1      | Reached XP level 1. HP: 16/16 MP: 3/3
   169 | D:1      | Reached XP level 2. HP: 22/23 MP: 5/5
   698 | D:1      | Reached skill level 4 in Charms
  1265 | D:2      | Reached XP level 3. HP: 15/28 MP: 1/6
  1774 | D:2      | Found a snail-covered altar of Cheibriados.
  1779 | D:2      | Found a white marble altar of Elyvilon.
  1893 | D:2      | Reached XP level 4. HP: 21/35 MP: 7/7
  2502 | D:2      | Noticed Jessica
  2514 | D:2      | Slain by a kobold

Skill      XL: |  1  2  3 |
---------------+----------+-----
Charms         | 4 |  4.8
Fighting       | 3 |  3.1
Polearms       | |  3.0
Armour         | |  0.6
Dodging        | |  1.3
Stealth        | |  0.8
Spellcasting   | |  2.0

Action                   |  1- 3 |  4- 6 || total
-------------------------+-------+-------++-------
Melee: Spear             |   113 |    47 ||   160
 Cast: Infusion          |     3 |     1 ||     4
 Stab: Sleeping          |     1 |     2 ||     3
  Eat: Bread ration      |     1 |       ||     1
Armor: Leather armour    |    16 |     8 ||    24
Dodge: Dodged            |    48 |    23 ||    71
